 Dungeon Crawl Stone Soup version 0.28.0 (webtiles) character file.

Game seed: 847369001511200487

1 Dorkslayer the Conjurer (level 1, 0/11 HPs)
             Began as an Octopode Conjurer on June 28, 2022.
             Slain by a quokka (2 damage)
             ... on level 1 of the Dungeon.
             The game lasted 00:00:16 (116 turns).

Dorkslayer the Conjurer (Octopode Conjurer)          Turns: 116, Time: 00:00:17

Health: 0/11       AC:  1    Str:  6    XL:     1   Next: 20%
Magic:  3/3        EV: 13    Int: 20    God:
Gold:   0          SH:  0    Dex: 10    Spells: 3/4 levels left

rFire   . . .      SeeInvis .   b - +0 short sword
rCold   . . .      Faith    .   (no shield)
rNeg    . . .      Spirit   .   (helmet restricted)
rPois   .          Reflect  .   (no amulet)
rElec   .          Harm     .   (no ring)
rCorr   .          Rampage  .   (no ring)
Will    .....                   (no ring)
Stlth   +++.......              (no ring)
HPRegen 0.03/turn               (no ring)
MPRegen 0.08/turn               (no ring)
                                (no ring)
                                (no ring)

@: no status effects
A: almost no armour, amphibious, 8 rings, camouflage 1, gelatinous body 1,
(nimble swimmer 1), tentacles
a: no special abilities


You were on level 1 of the Dungeon.
You visited 1 branch of the dungeon, and saw 1 of its levels.

Inventory:

Hand Weapons
 b - a +0 short sword (weapon)
Potions
 a - a potion of attraction {unknown}


   Skills:
 + Level 2.0 Dodging
 + Level 2.6 Stealth
 * Level 2.0 Spellcasting
 + Level 4.0 Conjurations


You had 3 spell levels left.
You knew the following spells:

 Your Spells              Type           Power      Damage    Failure   Level
a - Magic Dart            Conj           72%        1d6       3%          1

Your spell library contained the following spells:

 Spells                   Type           Power      Damage    Failure   Level
 Searing Ray              Conj           36%        2d5       4%          2
 Dazzling Flash           Conj/Hex       20%        N/A       21%         3
 Fulminant Prism          Conj/Hex       5%         3d7       56%         4
 Iskenderun's Mystic Bla  Conj/Tloc      10%        2d4       56%         4


Dungeon Overview and Level Annotations

Branches:
Dungeon (1/15)

Altars:


Innate Abilities, Weirdness & Mutations

You cannot wear most types of armour.
You are amphibious.
You can wear up to eight rings at the same time.
Your skin changes colour to match your surroundings (Stealth+).
Your rubbery body absorbs attacks. (AC +1, EV +1)
((You are camouflaged when in or above water. (Stealth+)))
You have tentacles for arms and can constrict up to eight enemies at once.


Message History

The helpless kobold fails to defend itself.
You tentacle-slap the kobold but do no damage.
Your grab misses the kobold. You squeeze the kobold.
The kobold is heavily wounded.
The kobold misses you.
You barely miss the kobold. You grab the kobold.
The kobold is heavily wounded.
You constrict the kobold, but do no damage.
The kobold hits you with a +0 short sword.
You tentacle-slap the kobold.
You kill the kobold!
Things that are here:
a +0 short sword; a kobold corpse
b - a +0 short sword
b - a +0 short sword (weapon)
HP restored.
Found a stone staircase leading down.
A quokka and a hobgoblin come into view.
The quokka bites you.
You barely miss the quokka. Your grab misses the quokka.
The quokka barely misses you.
You hit the quokka. Your grab misses the quokka.
Your squeeze misses the quokka.
The quokka is lightly wounded.
The quokka misses you. x2
You barely miss the quokka. You grab the quokka.
You squeeze the quokka, but do no damage.
The quokka is lightly wounded.
You constrict the quokka, but do no damage.
The quokka barely misses you.
You barely miss the quokka. You squeeze the quokka.
The quokka is heavily wounded.
You constrict the quokka. The quokka bites you.
You hit the quokka.
The quokka is almost dead.
You constrict the quokka, but do no damage.
The quokka bites you.
* * * LOW HITPOINT WARNING * * *
The quokka bites you.
You die...

#.....# #.....#
#.....# ###....†#
##### #.......#
#...
#.###.######.##
#.###.##......#
#.#....#.###..#
#.#........#@.#
.####.#....#.#.#r.#
...[.......#.#....#
.#####..####.###...
#.###.#..# #..
.###. #.#.###.....>
. g# ##.## #..####.
# ##.#.## #... ..
#.#.#.# .###


You could see a quokka and a hobgoblin (asleep).

Vanquished Creatures
  A kobold (D:1)
1 creature vanquished.

Notes
Turn   | Place    | Note
-------+----------+-------------------------------------------
     0 | D:1      | Dorkslayer the Octopode Conjurer began the quest for the
                  | Orb.
     0 | D:1      | Reached XP level 1. HP: 11/11 MP: 3/3
   116 | D:1      | Slain by a quokka

Illustrated notes

Levels and vault maps discovered:
D:1:      minmay_arrival_diagonal_passages, layout_basic

Action                   || total
-------------------------++-------
Melee: Short sword       ||     5
       Unarmed           ||     3
       Tentacles         ||     3
       Constrict         ||     2
 Stab: Sleeping          ||     1
Dodge: Dodged            ||     5
